 Dungeon Crawl Stone Soup version bcrawl-1.37.2 (webtiles) character file.

Game seed: 13568222924163266641

274784 Mehrunes the Destroyer (level 10, -2/59 HPs)
             Began as an Avariel Wizard on Oct 25, 2022.
             Was a Priest of Vehumet.
             Slain by an eight-headed hydra (6 damage)
             ... on level 9 of the Dungeon.
             The game lasted 00:24:06 (10607 turns).

Mehrunes the Destroyer (Avariel Wizard)            Turns: 10607, Time: 00:24:07

Health: -2/59      AC:  5    Str:  8    XL:     10   Next: 95%
Magic:  25/40      EV: 21    Int: 25    God:    Vehumet [***...]
Gold:   825        SH:  0    Dex: 11    Spells: 4/23 levels left

rFire    + . .     GDR:     23% A - +2 dagger (elec)
rCold    x . .     SeeInvis .   (no shield)
rNeg     . . .     Gourm    .   b - +0 robe
rPois    .         Faith    .   c - +0 hat
rElec    .         Spirit   .   (no cloak)
rCorr    .         Reflect  .   y - +2 pair of gloves
MR       +....                  (no boots)
Stlth    ++........             (no amulet)
HPRegen  0.19/turn              j - ring "Eghe" {Fire MP+9}
MPRegen  0.27/turn              B - ring of magical power

@: flying quickly and evasively, quick
A: able to fly
a: Stop Flying, Renounce Religion


You were on level 9 of the Dungeon.
You worshipped Vehumet.
Vehumet was most pleased with you.
You were not hungry.

You visited 2 branches of the dungeon, and saw 10 of its levels.

You collected 825 gold pieces.

Inventory:

Hand Weapons
 a - a +0 staff
 A - a +2 dagger of electrocution (weapon)
Missiles
 m - a throwing net {=f}
Armour
 b - a +0 robe (worn)
 c - a +0 hat (worn)
 w - the +4 leather armour of Qealero {Str+3, unknown}
   (You found it on level 6 of the Dungeon)

   It affects your strength (+3).
 y - a +2 pair of gloves (worn)
Magical Staves
 v - an uncursed staff of cold
Jewellery
 j - the ring "Eghe" (left hand) {Fire MP+9}
   (You found it on level 2 of the Dungeon)

   [ring of fire]

   It enhances your fire magic.
   It protects you from fire.
   It makes you vulnerable to cold.
   It affects your magic capacity (+9).
 B - a ring of magical power (right hand)
Wands
 t - a wand of random effects (3)
 z - a wand of acid (6)
 E - a wand of flame (6)
 G - a wand of charming (6)
Scrolls
 g - 6 scrolls of teleportation
 i - 2 scrolls of identify
 k - a scroll of enchant weapon
 l - 3 scrolls of remove curse
 o - 2 scrolls of fear {unknown}
 p - 3 scrolls of magic mapping {unknown}
 r - 3 scrolls of immolation {unknown}
 s - 2 scrolls of amnesia {unknown}
 F - a scroll of fog {unknown}
Potions
 d - 5 potions of degeneration {unknown}
 f - a potion of brilliance
 h - a potion of cancellation {unknown}
 n - 2 potions of curing {unknown}
 q - 2 potions of flight {unknown}
 u - 2 potions of mutation {unknown}
 x - a potion of haste {unknown}
 C - 3 potions of might
Comestibles
 e - 15 rations {!d}
 D - 3 chunks of flesh


   Skills:
 - Level 5.0 Fighting
 + Level 12.0 Dodging
 - Level 2.1 Stealth
 - Level 7.0 Spellcasting
 - Level 12.0 Conjurations
   Level 1.2 Summonings
 - Level 0.8 Translocations


You had 4 spell levels left.
You knew the following spells:

 Your Spells              Type           Power        Failure   Level  Hunger
a - Magic Dart            Conj           ####         1%          1    None
b - Blink                 Tloc           N/A          7%          2    None
c - Conjure Flame         Conj/Fire      ######..     1%          3    None
d - Spider Form           Tmut/Pois      #..          21%         3    None
e - Mephitic Cloud        Conj/Pois/Air  ####....     1%          3    None
f - Flame Tongue          Conj/Fire      #####        1%          1    None
g - Searing Ray           Conj           ######..     1%          2    None
h - Lightning Bolt        Conj/Air       #####...     1%          4    ####...

Your spell library contained the following spells:

 Spells                   Type           Power        Failure   Level  Hunger
 Call Imp                 Summ           ##....       6%          2    None


Dungeon Overview and Level Annotations

Branches:
Dungeon (9/12)             Temple (1/1) D:5            Lair (0/6) D:7
    Orc (0/1) D:8

Altars:
Ashenzari
Cheibriados
Dithmenos
Elyvilon
Gozag
Hepliaklqana
Kikubaaqudgha
Makhleb
Nemelex Xobeh
Okawaru
Qazlal
Ru
Uskayaw
Vehumet
Wu Jian
Xom
Yredelemnul
Zin
The Shining One

Shops:
D:4 %


Innate Abilities, Weirdness & Mutations

You can fly continuously.


Message History

The eight-headed hydra bites you but does no damage.
The eight-headed hydra bites you!
The eight-headed hydra barely misses you.
Casting: Lightning Bolt (safe; 1% risk of failure)
Confirm with . or Enter, or press ? or * to list all spells.
Aiming: Lightning Bolt (safe; 1% risk of failure)
Press: ? - help, Shift-Dir - straight line, f/p - eight-headed hydra
Aim: an eight-headed hydra (flame, moderately wounded)
You hear a mighty clap of thunder!
The bolt of lightning hits the eight-headed hydra!!
The eight-headed hydra is severely wounded.
You hear a shout!
An ice beast comes into view.
The eight-headed hydra is engulfed in blazing flames.
The eight-headed hydra barely misses you.
The eight-headed hydra bites you! x2
* * * LOW HITPOINT WARNING * * *
The eight-headed hydra completely misses you.
The eight-headed hydra bites you.
You die...

## .. # #.
#.#. #.#.###
#.....#
##.....######
#.....@D....#
##...<.####.#
#.....#
#.........
#Y###.###.# #
#. .# #. # #^
#.


You could see an eight-headed hydra and an ice beast.

Vanquished Creatures
  A two-headed ogre (D:4)
  A komodo dragon (D:8)
  A hippogriff (D:8)
  5 yaks (D:6)
  A hungry ghost (D:8)
  A two-headed ogre zombie (D:8)
  3 porcupines (D:7)
  2 orc warriors
  2 phantoms (D:8)
  3 sky beasts (D:7)
  2 black bears
  4 ogres
  4 bullfrogs
  2 kobold brigands (D:6)
  Blork the orc (D:5)
  A gnoll sergeant (D:7)
  4 centaurs
  5 scorpions
  6 killer bees (D:8)
  2 troll zombies (D:8)
  3 howler monkeys
  6 orc priests
  2 bullfrog zombies (D:6)
  3 crimson imps
  2 quasits
  A bullfrog skeleton (D:6)
  A jelly (D:9)
  2 hounds
  4 orc wizards
  10 worker ants
  A killer bee zombie (D:7)
  5 ogre zombies (D:8)
  A hound skeleton (D:6)
  7 gnolls
  10 adders
  4 shadow imps
  2 adder zombies
  An ooze (D:4)
  An adder skeleton (D:4)
  3 worms
  2 dart slugs
  2 leopard geckos
  24 orcs
  8 bats
  5 giant cockroaches
  3 goblins
  5 hobgoblins
  7 jackals
  4 frilled lizards
  4 goblin zombies (D:8)
  6 hobgoblin zombies (D:8)
  19 kobolds
  4 orc skeletons (D:8)
  11 orc zombies (D:8)
  A quokka skeleton (D:4)
  4 rats
229 creatures vanquished.

Vanquished Creatures (others)
  A fungus (D:7)
1 creature vanquished.

Grand Total: 230 creatures vanquished

Notes
Turn   | Place    | Note
-------+----------+-------------------------------------------
     0 | D:1      | Mehrunes the Avariel Wizard began the quest for the Orb.
     0 | D:1      | Reached XP level 1. HP: 10/10 MP: 7/7
   150 | D:1      | Reached XP level 2. HP: 11/15 MP: 3/9
   232 | D:1      | Learned a level 2 spell: Blink
   413 | D:1      | Reached skill level 5 in Spellcasting
   755 | D:1      | Reached XP level 3. HP: 19/19 MP: 6/11
   970 | D:2      | Learned a level 3 spell: Conjure Flame
   974 | D:2      | Learned a level 3 spell: Spider Form
   978 | D:2      | Learned a level 3 spell: Mephitic Cloud
  1978 | D:2      | Got a fine bone ring
  1979 | D:2      | Identified the ring "Eghe" {Fire MP+9} (You found it on
                  | level 2 of the Dungeon)
  2388 | D:3      | Reached XP level 4. HP: 24/24 MP: 13/13
  2446 | D:3      | Found a snail-covered altar of Cheibriados.
  2868 | D:3      | Noticed an ogre
  2908 | D:3      | Killed an ogre
  2909 | D:3      | Reached XP level 5. HP: 28/28 MP: 14/15
  3035 | D:4      | Reached skill level 5 in Conjurations
  3121 | D:4      | Found Turulues's Food Boutique.
  3204 | D:4      | Reached XP level 6. HP: 25/32 MP: 15/17
  3915 | D:4      | Noticed a two-headed ogre
  3948 | D:4      | Killed a two-headed ogre
  3949 | D:4      | Reached XP level 7. HP: 36/36 MP: 0/18
  3949 | D:4      | Reached XP level 8. HP: 41/41 MP: 0/19
  4354 | D:5      | Entered Level 5 of the Dungeon
  4680 | D:5      | Found a staircase to the Ecumenical Temple.
  4690 | Temple   | Entered the Ecumenical Temple
  5003 | Temple   | Became a worshipper of Vehumet
  5597 | D:5      | Found a sparkling altar of Nemelex Xobeh.
  5906 | D:5      | Found a shimmering altar of Xom.
  5982 | D:6      | Noticed Blork the orc
  6197 | D:6      | Noticed a yak
  6199 | D:6      | Noticed a yak
  6211 | D:5      | Gained mutation: You can fly continuously. [Avariel growth]
  6211 | D:5      | Reached XP level 9. HP: 26/45 MP: 20/20
  6332 | D:5      | Killed Blork the orc
  6333 | D:5      | Reached skill level 10 in Dodging
  6420 | D:6      | Found a white marble altar of Elyvilon.
  6421 | D:6      | Got a buzzing leather armour
  6668 | D:6      | Reached * piety under Vehumet
  6668 | D:6      | Offered knowledge of Flame Tongue by Vehumet.
  6671 | D:6      | Learned a level 1 spell: Flame Tongue
  6723 | D:6      | Reached skill level 1 in Fighting
  7356 | D:6      | Reached skill level 5 in Fighting
  7579 | D:7      | Found a staircase to the Lair.
  7600 | D:7      | Reached XP level 10. HP: 59/59 MP: 12/22
  7758 | D:7      | Reached skill level 10 in Conjurations
  8215 | D:7      | Reached ** piety under Vehumet
  8215 | D:7      | Offered knowledge of Searing Ray by Vehumet.
  8219 | D:7      | Learned a level 2 spell: Searing Ray
  9130 | D:8      | Offered knowledge of Throw Frost by Vehumet.
  9153 | D:8      | Reached *** piety under Vehumet
  9189 | D:8      | Found a staircase to the Orcish Mines.
  9319 | D:8      | Offered knowledge of Lightning Bolt by Vehumet.
  9326 | D:8      | Learned a level 4 spell: Lightning Bolt
 10599 | D:9      | Noticed an eight-headed hydra
 10607 | D:9      | Slain by an eight-headed hydra

Skill      XL: |  1  2  3  4  5  6  7  8  9 10 |
---------------+-------------------------------+-----
Spellcasting   | 5 6 7 |  7.0
Conjurations   | 2 4 5 8 9 12 | 12.0
Dodging        | 6 9 10 12 | 12.0
Fighting       | 5 |  5.0
Stealth        | |  2.1
Summonings     | |  1.2
Translocations | |  0.8

Action                   |  1- 3 |  4- 6 |  7- 9 | 10-12 || total
-------------------------+-------+-------+-------+-------++-------
Melee: Unarmed           |       |     5 |    15 |       ||    20
       Staff             |       |       |     3 |       ||     3
       Dagger            |       |       |       |     1 ||     1
 Cast: Magic Dart        |   107 |   126 |   195 |     3 ||   431
       Conjure Flame     |     2 |     5 |     8 |     4 ||    19
       Blink             |     1 |     3 |     1 |     3 ||     8
       Spider Form       |       |     1 |     2 |       ||     3
       Mephitic Cloud    |       |       |     3 |       ||     3
       Flame Tongue      |       |       |   114 |   141 ||   255
       Lightning Bolt    |       |       |       |    26 ||    26
       Searing Ray       |       |       |       |    14 ||    14
  Use: Scroll            |       |       |     1 |     2 ||     3
  Eat: Chunk             |     3 |     6 |    10 |    16 ||    35
       Ration            |     1 |       |     1 |       ||     2
Armor: Robe              |     8 |     5 |     6 |    11 ||    30
       Skin              |       |     1 |       |       ||     1
Dodge: Dodged            |    26 |     7 |   132 |    73 ||   238
